 Dungeon Crawl Stone Soup version 0.18-a0-1764-gf4ddf0b (webtiles) character file.

77 namelastname112 the Sneak (level 4, -9/37 HPs)
             Began as a Draconian Assassin on Apr 13, 2016.
             Mangled by an orc priest
             ... wielding a +0 falchion
              (11 damage)
             ... on level 3 of the Dungeon.
             The game lasted 00:04:53 (1626 turns).

namelastname112 the Sneak (Draconian Assassin)      Turns: 1626, Time: 00:04:53

Health: -9/37      AC:  6    Str: 13    XL:     4   Next: 14%
Magic:  4/4        EV: 14    Int: 11    God:
Gold:   123        SH:  0    Dex: 14    Spells: 0 memorised, 3 levels left

rFire  . . .     SeeInvis .     r - +1 dagger (vamp)
rCold  . . .     Gourm    .     (armour unavailable)
rNeg   . . .     Faith    .     (no shield)
rPois  .         Spirit   .     (helmet restricted)
rElec  .         Dismiss  .     c - +0 cloak
rCorr  .         Reflect  .     (no gloves)
SustAt .         Harm     .     (no boots)
MR     .....                    (no amulet)
Stlth  ++........               (no ring)
                                s - +2 ring of evasion

@: not resistant to hostile enchantments, unstealthy
A: unfitting armour, cold-blooded, AC +5
a: no special abilities


You were on level 3 of the Dungeon.
You were hungry.

You visited 1 branch of the dungeon, and saw 3 of its levels.

You collected 123 gold pieces.

Inventory:

Hand Weapons
 b - a +0 blowgun
 r - a +1 vampiric dagger (weapon)
Missiles
 d - 8 poisoned needles
 e - 2 curare-tipped needles
Armour
 c - a +0 cloak (worn)
Jewellery
 s - a +2 ring of evasion (left hand)
Scrolls
 a - 2 scrolls of fog {unknown}
 h - a scroll of enchant armour {unknown}
 j - a scroll of recharging {unknown}
 m - a scroll of teleportation {unknown}
 n - 2 scrolls of immolation {unknown}
 q - a scroll of magic mapping {unknown}
 t - a scroll of identify {unknown}
 u - a scroll of noise {unknown}
Potions
 g - 2 potions of heal wounds {unknown}
 i - a potion of brilliance {unknown}
 k - a potion of resistance {unknown}
 l - 2 potions of lignification {unknown}
 o - 5 potions of degeneration {unknown}
 x - a potion of agility {unknown}
 z - a potion of magic {unknown}
Comestibles
 f - a bread ration
 p - a beef jerky
 v - a meat ration


   Skills:
 + Level 2.6 Fighting
 * Level 3.0 Short Blades
 + Level 2.2 Throwing
 + Level 1.2 Dodging
 * Level 4.2 Stealth


You had 3 spell levels left.
You didn't know any spells.

Dungeon Overview and Level Annotations

Branches:
Dungeon (3/15)

Altars:
Ashenzari
Elyvilon
Nemelex Xobeh
Trog


Innate Abilities, Weirdness & Mutations

Your plain brown scales are hard (AC +5).
Your body does not fit into most forms of armour.
You are cold-blooded and may be slowed by cold attacks.


Message History

You barely miss the orc priest.
The orc priest is severely wounded.
The orc barely misses you.
The orc priest hits you but does no damage.
The orc barely misses you.
The hobgoblin hits you but does no damage.
You completely miss the orc priest. You tail-slap the orc priest.
The orc priest is severely wounded.
The orc misses you. The orc barely misses you. The orc misses you.
The orc priest closely misses you.
You barely miss the orc priest.
The orc priest is severely wounded.
The hobgoblin barely misses you. The orc completely misses you.
The orc hits you but does no damage.
You hit the orc priest but do no damage.
You tail-slap the orc priest, but do no damage.
The orc priest is severely wounded.
The orc misses you.
The orc priest hits you with a falchion!
You die...

####### ######
#...... #.....##
.......###.......
...............
#.oo........
+.o@........
#.go...####
#......# #.#
#......# #.#
#......# #.#
#.....?# #.####
#......# #.#..
#......# #.#.###
#......#####.#..<#


You could see an orc priest, 3 orcs and a hobgoblin.

Vanquished Creatures
  2 adders (D:2)
  2 dart slugs (D:1)
  2 giant geckos
  6 bats
  6 giant cockroaches
  4 goblins
  10 hobgoblins
  4 jackals (D:2)
  4 kobolds
  A ball python (D:2)
  2 giant newts
  4 rats
47 creatures vanquished.

Notes
Turn   | Place    | Note
--------------------------------------------------------------
     0 | D:1      | namelastname112 the Draconian Assassin began the quest for the Orb.
     0 | D:1      | Reached XP level 1. HP: 17/17 MP: 1/1
    55 | D:1      | Reached skill level 1 in Dodging
   113 | D:1      | Reached XP level 2. HP: 23/24 MP: 2/2
   330 | D:1      | Reached skill level 4 in Stealth
   701 | D:1      | Reached XP level 3. HP: 30/30 MP: 3/3
   849 | D:2      | Found a sparkling altar of Nemelex Xobeh.
  1295 | D:2      | Reached XP level 4. HP: 37/37 MP: 4/4
  1540 | D:2      | Found a white marble altar of Elyvilon.
  1540 | D:2      | Found a bloodstained altar of Trog.
  1541 | D:2      | Found a shattered altar of Ashenzari.
  1626 | D:3      | Mangled by an orc priest

Vault maps used:
D:1:      tarquinn_simple_flora_water_d, corexii_leaking_fountain
D:2:      nicolae_overflow_hidden_temple, nemelex_diamond_rough_becter
D:3:      overflow_temple_1_default, first_bread, uniq_robin, uniq_jessica

Skill      XL: |  1  2  3  4 |
---------------+-------------+-----
Dodging        | 1 |  1.2
Throwing       | 2 |  2.2
Stealth        | 4 |  4.2
Short Blades   | 3 |  3.0
Fighting       | |  2.6

Action                   |  1- 3 |  4- 6 || total
-------------------------+-------+-------++-------
Melee: Dagger            |   172 |    41 ||   213
       Tailslap          |    16 |     7 ||    23
 Stab: Sleeping          |     5 |       ||     5
  Eat: Bread ration      |     1 |       ||     1
       Chunk             |     1 |     1 ||     2
Armor: Skin              |    51 |    12 ||    63
Dodge: Dodged            |   105 |    51 ||   156
